| TOP OF THE 1ST |
|
Lake County Captains batting - Pitching for Delmarva Shorebirds : RHP Clifton Stannard
|
|
Pitching: RHP Clifton Stannard
|
|
|
Batting: RHB Patrick Pinault
|
0-0: Called Strike 0-1: Called Strike 0-2: Ball 1-2: Strikes out looking
|
|
Batting: RHB Josh Patterson
|
0-0: Foul Ball, location: 2F 0-1: Ball 1-1: Foul Ball, location: 2F 1-2: Fly out, F8 (Flyball, 8RD, EV 98.8 MPH)
|
|
Batting: LHB Frank Hill
|
0-0: Ball 1-0: Ball 2-0: Foul Ball, location: 2F 2-1: Fly out, F7 (Flyball, 7LMF, EV 110.6 MPH)
|
| Top of the 1st over - 0 runs, 0 hits, 0 errors, 0 left on base; Lake County 0 - Delmarva 0 |
| BOTTOM OF THE 1ST |
|
Delmarva Shorebirds batting - Pitching for Lake County Captains : RHP Tom Frost
|
|
Pitching: RHP Tom Frost
|
|
|
Batting: RHB Kevin Popowicz
|
0-0: Foul Ball, location: 2F 0-1: Foul Ball, location: 2F 0-2: Ground out 6-3 (Groundball, 56, EV 105.6 MPH)
|
|
Batting: RHB Ethan Finke
|
0-0: Ball 1-0: Ball 2-0: Foul Ball, location: 2F 2-1: Foul Ball, location: 2F 2-2: SINGLE (Groundball, 6MD, EV 105.0 MPH)
|
|
Batting: LHB Sam Williams
|
0-0: Ball Ethan Finke steals 2nd base 1-0: Ball 2-0: Called Strike 2-1: Foul Ball, location: 2F 2-2: Ball 3-2: Strikes out looking
|
|
Batting: LHB Vinny Rivera
|
0-0: SINGLE (Groundball, 56D, EV 103.8 MPH) Ethan Finke to third Runner from 3rd tries for Home, SAFE, throw by LF to home Vinny Rivera to second
|
|
Batting: RHB Mike Pitts
|
0-0: Swinging Strike 0-1: Ball 1-1: Ball 2-1: Ball 3-1: Called Strike 3-2: Fly out, F9 (Flyball, 9, EV 90.6 MPH)
|
| Bottom of the 1st over - 1 run, 2 hits, 0 errors, 1 left on base; Lake County 0 - Delmarva 1 |
| TOP OF THE 2ND |
|
Lake County Captains batting - Pitching for Delmarva Shorebirds : RHP Clifton Stannard
|
|
Batting: LHB Esteban Cordova
|
0-0: Called Strike 0-1: Foul Ball, location: 2F 0-2: Hit by Pitch
|
|
Batting: RHB Tony Gonzales
|
0-0: Grounds into double play, 4-6-3 (Groundball, 4, EV 88.1 MPH)
|
|
Batting: RHB Carlos Abrego
|
0-0: Ground out 5-3 (Groundball, 56, EV 83.1 MPH)
|
| Top of the 2nd over - 0 runs, 0 hits, 0 errors, 0 left on base; Lake County 0 - Delmarva 1 |
| BOTTOM OF THE 2ND |
|
Delmarva Shorebirds batting - Pitching for Lake County Captains : RHP Tom Frost
|
|
Batting: SHB Eric Kelley
|
0-0: Called Strike 0-1: Ball 1-1: Foul Ball, location: 2F 1-2: Ball 2-2: Ball 3-2: Strikes out swinging
|
|
Batting: RHB Carlos Teniente
|
0-0: Ball 1-0: Ball 2-0: Fly out, F8 (Flyball, 8RM, EV 86.9 MPH)
|
|
Batting: RHB Simon Van Steenwyk
|
0-0: Ball 1-0: Called Strike 1-1: Called Strike 1-2: Foul Ball, location: 2F 1-2: Ball 2-2: Strikes out swinging
|
| Bottom of the 2nd over - 0 runs, 0 hits, 0 errors, 0 left on base; Lake County 0 - Delmarva 1 |
| TOP OF THE 3RD |
|
Lake County Captains batting - Pitching for Delmarva Shorebirds : RHP Clifton Stannard
|
|
Batting: RHB Leo Villa
|
0-0: Ball 1-0: Ground out U3 (Groundball, 34S, EV 83.1 MPH)
|
|
Batting: RHB Tacito Carreiro
|
0-0: Swinging Strike 0-1: Foul Ball, location: 2F 0-2: Ball 1-2: Strikes out looking
|
|
Batting: RHB Juan Ordonez
|
0-0: Swinging Strike 0-1: Ball 1-1: Called Strike 1-2: Ball 2-2: Foul Ball, location: 2F 2-2: Fly out, F3 (Popup, 3S, EV 82.5 MPH)
|
| Top of the 3rd over - 0 runs, 0 hits, 0 errors, 0 left on base; Lake County 0 - Delmarva 1 |
| BOTTOM OF THE 3RD |
|
Delmarva Shorebirds batting - Pitching for Lake County Captains : RHP Tom Frost
|
|
Batting: RHB Ruben Domingues
|
0-0: Called Strike 0-1: Ground out 2-3 (Groundball, 15S, EV 67.5 MPH)
|
|
Batting: RHB Kevin Popowicz
|
0-0: Ball 1-0: Foul Ball, location: 2F 1-1: Ball 2-1: Ball 3-1: Foul Ball, location: 2F 3-2: Fly out, F9 (Flyball, 9, EV 94.4 MPH)
|
|
Batting: RHB Ethan Finke
|
0-0: Ball 1-0: Fly out, F8 (Flyball, 8LM, EV 98.8 MPH)
|
| Bottom of the 3rd over - 0 runs, 0 hits, 0 errors, 0 left on base; Lake County 0 - Delmarva 1 |
| TOP OF THE 4TH |
|
Lake County Captains batting - Pitching for Delmarva Shorebirds : RHP Clifton Stannard
|
|
Batting: RHB Patrick Pinault
|
0-0: Ball 1-0: Ball 2-0: Ball 3-0: Called Strike 3-1: Foul Ball, location: 2F 3-2: Strikes out swinging
|
|
Batting: RHB Josh Patterson
|
0-0: Swinging Strike 0-1: Swinging Strike 0-2: Foul Ball, location: 2F 0-2: Fly out, F7 (Flyball, 78M, EV 86.9 MPH)
|
|
Batting: LHB Frank Hill
|
0-0: Ball 1-0: Swinging Strike 1-1: Called Strike 1-2: Foul Ball, location: 2F 1-2: Ball 2-2: SINGLE (Line Drive, 4MD, EV 96.9 MPH)
|
|
Batting: LHB Esteban Cordova
|
0-0: Called Strike Frank Hill steals 2nd base 0-1: Ball 1-1: Called Strike 1-2: Foul Ball, location: 2F 1-2: Foul Ball, location: 2F 1-2: Ground out U3 (Groundball, 34, EV 105.6 MPH)
|
| Top of the 4th over - 0 runs, 1 hit, 0 errors, 1 left on base; Lake County 0 - Delmarva 1 |
| BOTTOM OF THE 4TH |
|
Delmarva Shorebirds batting - Pitching for Lake County Captains : RHP Tom Frost
|
|
Batting: LHB Sam Williams
|
0-0: Foul Ball, location: 2F 0-1: Ball 1-1: Swinging Strike 1-2: Ball 2-2: Foul Ball, location: 2F 2-2: Foul Ball, location: 2F 2-2: Foul Ball, location: 2F 2-2: Ball 3-2: SOLO HOME RUN (Flyball, 89XD, EV 99.4 MPH), Distance : 404 ft
|
|
Batting: LHB Vinny Rivera
|
0-0: Swinging Strike 0-1: Called Strike 0-2: Ball 1-2: Ground out 5-3 (Groundball, 5, EV 83.1 MPH)
|
|
Batting: RHB Mike Pitts
|
0-0: Called Strike 0-1: Ball 1-1: Foul Ball, location: 2F 1-2: Ground out U3 (Groundball, 3, EV 91.9 MPH)
|
|
Batting: SHB Eric Kelley
|
0-0: Foul Ball, location: 2F 0-1: Foul Ball, location: 2F 0-2: Strikes out looking
|
| Bottom of the 4th over - 1 run, 1 hit, 0 errors, 0 left on base; Lake County 0 - Delmarva 2 |
| TOP OF THE 5TH |
|
Lake County Captains batting - Pitching for Delmarva Shorebirds : RHP Clifton Stannard
|
|
Batting: RHB Tony Gonzales
|
0-0: Ball 1-0: Foul Ball, location: 2F 1-1: Ball 2-1: Foul Ball, location: 2F 2-2: Ball 3-2: Strikes out swinging
|
|
Batting: RHB Carlos Abrego
|
0-0: Swinging Strike 0-1: Ball 1-1: Swinging Strike 1-2: Strikes out swinging
|
|
Batting: RHB Leo Villa
|
0-0: Called Strike 0-1: Called Strike 0-2: Foul Ball, location: 2F 0-2: Foul Ball, location: 2F 0-2: Foul Ball, location: 2F 0-2: Ball 1-2: Foul Ball, location: 2F 1-2: Ball 2-2: SINGLE (Groundball, 56D, EV 98.1 MPH)
|
|
Batting: RHB Tacito Carreiro
|
0-0: Ball 1-0: Fly out, F8 (Line Drive, 8LS, EV 101.9 MPH)
|
| Top of the 5th over - 0 runs, 1 hit, 0 errors, 1 left on base; Lake County 0 - Delmarva 2 |
| BOTTOM OF THE 5TH |
|
Delmarva Shorebirds batting - Pitching for Lake County Captains : RHP Tom Frost
|
|
Batting: RHB Carlos Teniente
|
0-0: Ground out 1-3 (Groundball, 34S, EV 66.9 MPH)
|
|
Batting: RHB Simon Van Steenwyk
|
0-0: Ball 1-0: Called Strike 1-1: Fly out, F8 (Flyball, 8LS, EV 93.8 MPH)
|
|
Batting: RHB Ruben Domingues
|
0-0: Called Strike 0-1: Ball 1-1: Foul Ball, location: 2F 1-2: SOLO HOME RUN (Flyball, 7LD, EV 98.8 MPH), Distance : 394 ft
|
|
Batting: RHB Kevin Popowicz
|
0-0: Called Strike 0-1: SINGLE (Line Drive, 78M, EV 105.0 MPH)
|
|
Batting: RHB Ethan Finke
|
0-0: Ball 1-0: SINGLE (Line Drive, 34D, EV 102.5 MPH) Kevin Popowicz to second
|
|
Batting: LHB Sam Williams
|
0-0: Ball 1-0: Called Strike 1-1: Fielders Choice at 2nd, 5-4 (Groundball, 56, EV 103.8 MPH)
|
| Bottom of the 5th over - 1 run, 3 hits, 0 errors, 2 left on base; Lake County 0 - Delmarva 3 |
| TOP OF THE 6TH |
|
Lake County Captains batting - Pitching for Delmarva Shorebirds : RHP Clifton Stannard
|
|
Batting: RHB Juan Ordonez
|
0-0: Called Strike 0-1: Ball 1-1: Swinging Strike 1-2: Strikes out swinging
|
|
Batting: RHB Patrick Pinault
|
0-0: Foul Ball, location: 2F 0-1: Ball 1-1: Foul Ball, location: 2F 1-2: Strikes out looking
|
|
Batting: RHB Josh Patterson
|
0-0: Called Strike 0-1: Swinging Strike 0-2: Foul Ball, location: 2F 0-2: Foul Ball, location: 2F 0-2: Foul Ball, location: 2F 0-2: Ball 1-2: Ball 2-2: Strikes out swinging
|
| Top of the 6th over - 0 runs, 0 hits, 0 errors, 0 left on base; Lake County 0 - Delmarva 3 |
| BOTTOM OF THE 6TH |
|
Delmarva Shorebirds batting - Pitching for Lake County Captains : RHP Tom Frost
|
|
Batting: LHB Vinny Rivera
|
0-0: Ball 1-0: Called Strike 1-1: Ball 2-1: Foul Ball, location: 2F 2-2: Foul Ball, location: 2F 2-2: Ball 3-2: Foul Ball, location: 2F 3-2: Foul Ball, location: 2F 3-2: Base on Balls
|
|
Batting: RHB Mike Pitts
|
0-0: Ball Vinny Rivera steals 2nd base (no throw) 1-0: Called Strike Vinny Rivera steals 3rd, throwing error, E2 Vinny Rivera scores 1-1: Fly out, F7 (Flyball, 7D, EV 92.5 MPH)
|
|
Batting: SHB Eric Kelley
|
0-0: Ball 1-0: Ball 2-0: Ball 3-0: Base on Balls
|
|
Batting: RHB Carlos Teniente
|
0-0: Ball 1-0: Ball 2-0: Foul Ball, location: 2F 2-1: Called Strike 2-2: Hit by Pitch Eric Kelley to second
|
|
Pitching: RHP Leo Loetzsch
|
|
|
Batting: RHB Simon Van Steenwyk
|
0-0: Called Strike 0-1: Called Strike 0-2: Ball 1-2: Ball 2-2: Foul Ball, location: 2F 2-2: Ball 3-2: Foul Ball, location: 2F 3-2: Fly out, F8 (Flyball, 8RS, EV 95.6 MPH)
|
|
Batting: RHB Ruben Domingues
|
0-0: Swinging Strike 0-1: Ball 1-1: Swinging Strike 1-2: Strikes out looking
|
| Bottom of the 6th over - 1 run, 0 hits, 1 error, 2 left on base; Lake County 0 - Delmarva 4 |
| TOP OF THE 7TH |
|
Lake County Captains batting - Pitching for Delmarva Shorebirds : RHP Clifton Stannard
|
|
Batting: LHB Frank Hill
|
0-0: Swinging Strike 0-1: Swinging Strike 0-2: Ball 1-2: Foul Ball, location: 2F 1-2: SINGLE (Groundball, 4M, EV 110.6 MPH) (infield hit)
|
|
Batting: LHB Esteban Cordova
|
0-0: Called Strike 0-1: Called Strike 0-2: Grounds into double play, 4-6-3 (Groundball, 4, EV 78.8 MPH)
|
|
Batting: RHB Tony Gonzales
|
0-0: Called Strike 0-1: Ball 1-1: Swinging Strike 1-2: Fly out, F7 (Line Drive, 7D, EV 99.4 MPH)
|
| Top of the 7th over - 0 runs, 1 hit, 0 errors, 0 left on base; Lake County 0 - Delmarva 4 |
| BOTTOM OF THE 7TH |
|
Delmarva Shorebirds batting - Pitching for Lake County Captains : RHP Leo Loetzsch
|
|
Batting: RHB Kevin Popowicz
|
0-0: Called Strike 0-1: Swinging Strike 0-2: Ball 1-2: Ball 2-2: Foul Ball, location: 2F 2-2: Foul Ball, location: 2F 2-2: SINGLE (Groundball, 56D, EV 108.8 MPH)
|
|
Batting: RHB Ethan Finke
|
0-0: Fly out, F8 (Flyball, 8LM, EV 75.6 MPH)
|
|
Batting: LHB Sam Williams
|
0-0: Called Strike Kevin Popowicz steals 2nd base 0-1: Called Strike 0-2: Ball 1-2: Strikes out swinging
|
|
Batting: LHB Vinny Rivera
|
0-0: Ground out 4-3 (Groundball, 34, EV 76.9 MPH)
|
| Bottom of the 7th over - 0 runs, 1 hit, 0 errors, 1 left on base; Lake County 0 - Delmarva 4 |
| TOP OF THE 8TH |
|
Lake County Captains batting - Pitching for Delmarva Shorebirds : RHP Clifton Stannard
|
|
Pitching: LHP Justin Hinton
|
|
|
Batting: RHB Carlos Abrego
|
0-0: Foul Ball, location: 2F 0-1: Foul Ball, location: 2F 0-2: Ball 1-2: Ball 2-2: Ball 3-2: Foul Ball, location: 2F 3-2: Ground out 6-3 (Groundball, 6, EV 90.6 MPH)
|
|
Batting: RHB Leo Villa
|
0-0: Ball 1-0: Foul Ball, location: 2F 1-1: Fly out, F5 (Popup, 5SF, EV 74.4 MPH)
|
|
Batting: RHB Tacito Carreiro
|
0-0: Called Strike 0-1: Ball 1-1: Ball 2-1: Swinging Strike 2-2: Ball 3-2: Ground out 4-3 (Groundball, 4S, EV 90.0 MPH)
|
| Top of the 8th over - 0 runs, 0 hits, 0 errors, 0 left on base; Lake County 0 - Delmarva 4 |
| BOTTOM OF THE 8TH |
|
Delmarva Shorebirds batting - Pitching for Lake County Captains : RHP Leo Loetzsch
|
|
Batting: RHB Mike Pitts
|
0-0: Ball 1-0: Ball 2-0: Ball 3-0: Base on Balls
|
|
Batting: SHB Eric Kelley
|
0-0: Foul Ball, location: 2F 0-1: Ball 1-1: Called Strike 1-2: Ground out 4-3 (Groundball, 34D, EV 102.5 MPH) Mike Pitts to second
|
|
Batting: RHB Carlos Teniente
|
0-0: Fly out, F9 (Flyball, 9D, EV 101.9 MPH) Runner from 2nd tags up, SAFE at 3rd, no throw by RF
|
|
Batting: RHB Simon Van Steenwyk
|
0-0: Called Strike 0-1: Ball 1-1: Ball 2-1: Swinging Strike 2-2: Foul Ball, location: 2F 2-2: Ball 3-2: Ground out 6-3 (Groundball, 6MD, EV 101.2 MPH)
|
| Bottom of the 8th over - 0 runs, 0 hits, 0 errors, 1 left on base; Lake County 0 - Delmarva 4 |
| TOP OF THE 9TH |
|
Lake County Captains batting - Pitching for Delmarva Shorebirds : LHP Justin Hinton
|
|
Batting: RHB Juan Ordonez
|
0-0: Ball 1-0: Called Strike 1-1: Fly out, F8 (Flyball, 8LXD, EV 100.6 MPH)
|
|
Batting: RHB Patrick Pinault
|
0-0: Fly out, F7 (Flyball, 78M, EV 81.2 MPH)
|
|
Batting: RHB Josh Patterson
|
0-0: Ball 1-0: Ball 2-0: Ball 3-0: Called Strike 3-1: Foul Ball, location: 2F 3-2: Foul Ball, location: 2F 3-2: Ground out 4-3 (Groundball, 4S, EV 85.0 MPH)
|
| Top of the 9th over - 0 runs, 0 hits, 0 errors, 0 left on base; Lake County 0 - Delmarva 4 |
|